 Dungeon Crawl Stone Soup version 0.29.1-4-g47bece8355 (webtiles) character file.

Game seed: 8961780896559435505

2566 croobank the Cleaver (level 9, -2/64 HPs)
             Began as a Demonspawn Conjurer on Dec 10, 2022.
             Slain by a steam dragon (4 damage)
             ... on level 7 of the Dungeon.
             The game lasted 00:18:46 (6995 turns).

croobank the Cleaver (Demonspawn Conjurer)          Turns: 6995, Time: 00:18:47

Health: -2/64      AC:  3    Str:  7    XL:     9   Next: 31%
Magic:  15/15      EV: 13    Int: 29    God:
Gold:   336        SH:  0    Dex: 14    Spells: 10/16 levels left

rFire   + . .      SeeInvis .   x - +5 war axe of Wuozehez {drain, rN+ Int+5}
rCold   + + .      Faith    .   (no shield)
rNeg    + . .      Spirit   .   a - +1 robe
rPois   +          Reflect  .   (helmet unavailable)
rElec   +          Harm     .   y - scarf {+Inv}
rCorr   +          Rampage  .   (no gloves)
Will    .....                   (no boots)
Stlth   ++++......              (no amulet)
HPRegen 0.20/turn               g - ring of protection from cold
MPRegen 0.14/turn               (no ring)

@: resistant
A: horns 3, thin skeletal structure 1, ignite blood 1, spiny 1
a: Evoke Invisibility


You were on level 7 of the Dungeon.
You visited 1 branch of the dungeon, and saw 7 of its levels.

You collected 336 gold pieces.

Inventory:

Hand Weapons
 k - a +2 vampiric short sword
 p - a +2 dagger of venom
 v - a +0 dire flail
 w - a +0 quarterstaff
 x - the +5 war axe of Wuozehez (weapon) {drain, rN+ Int+5}
   (You found it on level 5 of the Dungeon)

   A truly terrible weapon, it drains the life of any living foe it strikes.
   Int:       It affects your intelligence (+5).
   rN:        It protects you from negative energy.
 G - a +3 flail of freezing
 H - a +3 short sword
Missiles
 c - 6 atropa-tipped darts
 h - 2 silver javelins
Armour
 a - a +1 robe (worn)
 y - a scarf of invisibility (worn)
Jewellery
 e - a ring of fire
 g - a ring of protection from cold (left hand)
 D - a ring of willpower
Wands
 l - a wand of iceblast (17)
 q - a wand of flame (20)
 z - a wand of charming (11)
 B - a wand of quicksilver (6)
Scrolls
 b - a scroll of acquirement {unknown}
 f - a scroll of fear
 s - 4 scrolls of identify
 t - 3 scrolls of butterflies {unknown}
 u - a scroll of enchant armour
 A - a scroll of brand weapon {unknown}
 C - a scroll of blinking {unknown}
 E - a scroll of teleportation {unknown}
 F - a scroll of poison {unknown}
Potions
 d - 2 potions of degeneration
 i - 2 potions of haste
 m - 3 potions of flight
 n - 3 potions of curing
 o - 2 potions of lignification
 r - 2 potions of cancellation


   Skills:
 + Level 3.4 Fighting
 - Level 11.0 Axes
 + Level 4.0 Dodging
 + Level 4.4 Stealth
 + Level 4.1 Spellcasting
 + Level 5.6 Conjurations
 + Level 3.3 Hexes
 + Level 0.7 Translocations
 + Level 0.8 Transmutations


You had 10 spell levels left.
You knew the following spells:

 Your Spells              Type           Power      Damage    Failure   Level
a - Magic Dart            Conj           100%       1d8       1%          1
b - Searing Ray           Conj           78%        2d7       1%          2
c - Dazzling Flash        Conj/Hex       64%        N/A       3%          3

Your spell library contained the following spells:

 Spells                   Type           Power      Damage    Failure   Level
 Confusing Touch          Hex            25%        N/A       5%          3
 Wereblood                Tmut           10%        N/A       8%          2
 Sublimation of Blood     Necr           6%         N/A       11%         2
 Fulminant Prism          Conj/Hex       16%        3d11      11%         4
 Iskenderun's Mystic Bla  Conj/Tloc      24%        2d7       19%         4
 Yara's Violent Unravell  Hex/Tmut       9%         3d6       63%         5
 Enfeeble                 Hex            12%        N/A       100%        7
 Summon Hydra             Summ           3%         N/A       100%        7


Dungeon Overview and Level Annotations

Branches:
Dungeon (7/15)
 Temple: D:4-7

Altars:
Cheibriados
Dithmenos
Makhleb
Nemelex Xobeh

Shops:
D:4 *   D:6 ?

Annotations:
D:4 2 transporters, javelincjr's ghost, amateur DjCj
D:5 1 runed translucent door, Crazy Yiuf


Innate Abilities, Weirdness & Mutations

You have a pair of large horns on your head.
You have a somewhat thin skeletal structure. (Dex +2, Stealth+)
Your demonic aura sometimes causes spilled blood to erupt in flames.
You are partially covered in sharp spines.


Message History

You barely miss the sky beast.
The sky beast is lightly wounded.
The steam dragon hisses angrily.
You hit the sky beast.
The sky beast is moderately wounded.
The sky beast hits you but does no damage.
You slash the sky beast!
The sky beast is heavily wounded.
The sky beast closely misses you.
You slash the sky beast!
The sky beast is severely wounded.
The steam dragon breathes steam at you. The ball of steam hits you!!
The sky beast hits you.
* * * LOW HITPOINT WARNING * * *
The sky beast shocks you.
* * * LOW HITPOINT WARNING * * *
You hear an angry hiss.
You hear a bark!
The sky beast is struck by your spines.
You kill the sky beast!
Your life force feels restored.
You feel protected. The steam dragon closely misses you.
The steam dragon claws you.
* * * LOW HITPOINT WARNING * * *
The steam dragon closely misses you. The steam dragon claws you.
* * * LOW HITPOINT WARNING * * *
You see here a sky beast corpse.
You barely miss the steam dragon.
A steam dragon comes into view.
The steam dragon breathes steam at you. The ball of steam hits you. You resist.
* * * LOW HITPOINT WARNING * * *
The steam dragon hisses angrily.
You hear a bark!
The steam dragon attacks as you move away!
The steam dragon is struck by your spines.
The steam dragon closely misses you.
The steam dragon claws you but does no damage.
The steam dragon attacks as you move away!
The steam dragon is struck by your spines.
The steam dragon bites you.
You die...

..####### #.......#
#(......# #.......####
#..§§......##
#...........#########
#.§§.......##....#..
..####..@[......##.....).
........D...!....'.....).
........†§....).##...#...
......##§§.####)##.(.#...
....s..§z..# #)#########
.>.....z...# #)#
...........# #.#
###........# #.#
...###...# #.#


You could see a steam dragon (catching breath) and a scorpion.

Vanquished Creatures
  Sigmund (D:3)
  An ice beast (D:6)
  A sky beast (D:7)
  3 centaurs
  A phantom (D:6)
  4 scorpions
  5 wights (D:7)
  7 hounds
  3 orc priests (D:3)
  Terence (D:3)
  An iguana (D:7)
  2 orc wizards
  A mummy (D:4)
  5 adders
  2 white imps (D:5)
  2 worms
  A dart slug (D:2)
  13 orcs
  5 bats
  5 endoplasms
  4 giant cockroaches
  12 hobgoblins
  9 jackals
  5 kobolds
  4 quokkas
  6 ball pythons
  2 frilled lizards
  7 goblins
  7 rats
120 creatures vanquished.

Notes
Turn   | Place    | Note
-------+----------+-------------------------------------------
     0 | D:1      | croobank the Demonspawn Conjurer began the quest for the
                  | Orb.
     0 | D:1      | Reached XP level 1. HP: 13/13 MP: 3/3
   784 | D:1      | Gained mutation: You have a somewhat thin skeletal
                  | structure. (Dex +2, Stealth+) [demonic ancestry]
   784 | D:1      | Reached XP level 2. HP: 13/19 MP: 1/5
   876 | D:1      | Found a faded altar of an unknown god.
  1439 | D:2      | Gained mutation: You have a pair of small horns on your
                  | head. [demonic ancestry]
  1439 | D:2      | Reached XP level 3. HP: 16/24 MP: 2/6
  1442 | D:2      | Learned a level 2 spell: Searing Ray
  1446 | D:2      | Learned a level 3 spell: Dazzling Flash
  2544 | D:3      | Identified the +7 scale mail of Fini {-Cast rF+ Dex+6}
  2612 | D:3      | Gained mutation: Your demonic aura sometimes causes spilled
                  | blood to erupt in flames. [demonic ancestry]
  2612 | D:3      | Reached XP level 4. HP: 26/31 MP: 1/7
  2617 | D:3      | Reached skill level 1 in Fighting
  2906 | D:3      | Noticed Terence
  2914 | D:3      | Killed Terence
  2915 | D:3      | Reached skill level 1 in Hexes
  2915 | D:3      | Gained mutation: You are partially covered in sharp spines.
                  | [demonic ancestry]
  2915 | D:3      | Reached XP level 5. HP: 33/37 MP: 6/9
  3226 | D:3      | Noticed Sigmund
  3234 | D:3      | Killed Sigmund
  3235 | D:3      | Gained mutation: You have a pair of horns on your head.
                  | [demonic ancestry]
  3235 | D:3      | Reached XP level 6. HP: 41/44 MP: 7/10
  3617 | D:4      | Found a transporter.
  3830 | D:5      | Entered Level 5 of the Dungeon
  3882 | D:4      | Reached skill level 5 in Conjurations
  4009 | D:4      | Found Cela's Assorted Antiques.
  4038 | D:4      | Found a shadowy altar of Dithmenos.
  4061 | D:4      | Found a sparkling altar of Nemelex Xobeh.
  4078 | D:4      | Found a burning altar of Makhleb.
  4126 | D:4      | Found a transporter.
  4127 | D:4      | Noticed a small abomination
  4282 | D:4      | Noticed javelincjr's ghost (amateur DjCj)
  4316 | D:4      | Noticed a toenail golem
  4394 | D:4      | Reached XP level 7. HP: 51/51 MP: 6/12
  4510 | D:4      | Found a snail-covered altar of Cheibriados.
  4960 | D:5      | Found a runed translucent door.
  4961 | D:5      | Noticed Crazy Yiuf
  5251 | D:5      | Identified the +5 war axe of Wuozehez {drain, rN+ Int+5}
  6115 | D:6      | Reached skill level 11 in Axes
  6115 | D:6      | Reached XP level 8. HP: 58/58 MP: 13/13
  6306 | D:6      | Found Onodwus's Magic Scroll Shoppe.
  6542 | D:6      | Gained mutation: You have a pair of large horns on your
                  | head. [demonic ancestry]
  6542 | D:6      | Reached XP level 9. HP: 56/64 MP: 13/15
  6992 | D:7      | HP: 2/64 [steam dragon/ball of steam (5)]
  6995 | D:7      | Slain by a steam dragon

Illustrated notes

Levels and vault maps discovered:
D:1:      mrwooster_arrival_arrow, layout_basic,
          hellmonk_ecumenical_altar_heavens_door
D:2:      layout_loops_corners, roderic_three_in_a_row
D:3:      layout_basic, uniq_sigmund, uniq_terence
D:4:      layout_basic, chei_slow_surprise, grunt_temple_overflow_cloverleaf,
          serial_shops, kennysheep_mini, gammafunk_ghost_abyssal_escape,
          sigmund_army
D:5:      layout_loops_ring, uniq_crazy_yiuf_cottage
D:6:      layout_loops_corners, serial_shops, shop
D:7:      layout_basic, minmay_temple_entry_butterflies

Skill      XL: |  1  2  3  4  5  6  7  8  9 |
---------------+----------------------------+-----
Dodging        | 2 3 4 |  4.0
Stealth        | 2 3 4 |  4.4
Fighting       | 1 2 3 |  3.4
Hexes          | 1 2 3 |  3.3
Spellcasting   | 3 4 |  4.1
Conjurations   | 5 |  5.6
Axes           | 11 | 11.0
Translocations | |  0.7
Transmutations | |  0.8

Action                   |  1- 3 |  4- 6 |  7- 9 || total
-------------------------+-------+-------+-------++-------
Melee: Unarmed           |    14 |       |       ||    14
       Dagger            |     5 |       |       ||     5
       Short sword       |    48 |    31 |    12 ||    91
       Headbutt          |     1 |     5 |    10 ||    16
       Punch             |     1 |       |       ||     1
       War axe           |       |       |    57 ||    57
 Cast: Magic Dart        |    28 |    23 |       ||    51
       Searing Ray       |     5 |    12 |     2 ||    19
  Use: Potion            |     1 |       |     2 ||     3
       Scroll            |     8 |       |     4 ||    12
 Stab: Sleeping          |     6 |     6 |    16 ||    28
Armor: Robe              |    16 |     7 |    11 ||    34
Dodge: Dodged            |    45 |    18 |    46 ||   109
